Map: Catalyst LE

Players

primussux - Winner!

  • Race: Terran Terran
  • League: Platinum
  • Spawn Location: 5:00

Juxtapose

  • Race: Terran Terran
  • League: Platinum
  • Spawn Location: 11:00

VOD

https://youtu.be/ZSxKnuv2Zhg

Description

I'm actually quite embarrassed by this game, as there was no way for me to match this aggression in time.

Time

  • Played on: Feb. 22, 2018, 8:43 p.m.
  • Length: 3:35
Show
View Real Time Build Order
Export as new Build Order

primussux Terran - Winner!

Build Orders:  

Get SALT Encoding   

  12  0:07  SCV  
  13  0:20  SCV  
  14  0:26  Supply Depot  
  14  0:34  SCV  
  15  0:49  Barracks  
  15  1:02  Barracks  
  15  1:05  Barracks  
  15  1:09  SCV  
  16  1:21  SCV  
  17  1:33  SCV  
  17  1:36  Marine  
  19  1:40  Supply Depot  
  19  1:45  SCV  
  20  1:49  Marine  
  20  1:52  Marine  
  22  1:57  SCV  
  23  2:02  Marine  
  23  2:04  Supply Depot  
  24  2:08  Bunker  
  24  2:11  Marine  
  24  2:12  Marine  
  26  2:33  Marine x3  
  29  2:51  Marine  
  29  2:54  Marine x2  
  32  2:59  Supply Depot  
  32  3:09  Marine  
  32  3:12  Marine  
Show
View Real Time Build Order
Export as new Build Order

Juxtapose Terran 

Build Orders:  

Get SALT Encoding   

  12  0:01  SCV  
  13  0:13  SCV  
  14  0:21  Supply Depot  
  14  0:25  SCV  
  15  0:43  SCV  
  15  0:48  Barracks  
  16  0:52  Supply Depot  
  16  0:55  SCV  
  17  1:04  Refinery  
  17  1:07  SCV  
  18  1:14  Refinery  
  18  1:19  SCV  
  19  1:35  Orbital Command  
  19  1:40  Marine  
  20  2:03  SCV  
  20  2:07  Barracks Reactor  
  21  2:15  SCV  
  21  2:17  Factory  
  22  2:31  Bunker  
  20  2:47  Marine  
  22  2:53  Marine  
  22  2:54  SCV  
  23  3:04  Hellion  
  24  3:06  SCV  
  24  3:10  Marine  
  24  3:21  Barracks  
Tags
 
Matchup
TvT
Race
Terran
Spawn Locations
Cross Positions
Add a new tag
Caveats
  • Supply blocks, unpowered buildings, or Contaminate may cause inaccurate times.
  • Supply counts are checked every 10 seconds.